 Dungeon Crawl Stone Soup version 0.21.1-1-g345015f (webtiles) character file.

1402 teukkam the Skirmisher (level 8, -16/73 HPs)
             Began as a Minotaur Berserker on Feb 15, 2018.
             Was a Priest of Trog.
             Killed from afar by a jackal (21 damage)
             ... with an exploding inner flame
             ... hexed by the player character
             ... on level 6 of the Dungeon.
             The game lasted 00:12:32 (3516 turns).

teukkam the Skirmisher (Minotaur Berserker)         Turns: 3516, Time: 00:12:33

Health: -16/73     AC: 14    Str: 24    XL:     8   Next: 42%
Magic:  7/7        EV: 10    Int:  4    God:    Trog [***...]
Gold:   245        SH:  0    Dex: 10    Spells: 7/7 levels left

rFire    . . .     SeeInvis .   a - +2 quarterstaff (chaos)
rCold    . . .     Gourm    .   (shield currently unavailable)
rNeg     . . .     Faith    .   h - +0 chain mail
rPois    +         Spirit   .   (helmet restricted)
rElec    .         Reflect  .   o - +1 cloak
rCorr    .         Harm     +   i - +0 pair of gloves
MR       .....                  (no boots)
Stlth    ..........             H - amulet of harm
HPRegen  0.22/turn              u - +1 ring of slaying
MPRegen  0.10/turn              q - ring of poison resistance

@: berserk cooldown, very slightly contaminated
A: retaliatory headbutt, horns 2
a: Berserk, Trog's Hand, Burn Spellbooks, Renounce Religion


You were on level 6 of the Dungeon.
You worshipped Trog.
Trog was most pleased with you.
You were hungry.

You visited 1 branch of the dungeon, and saw 6 of its levels.

You collected 245 gold pieces.

Inventory:

Hand Weapons
 a - a +2 quarterstaff of chaos (weapon)
 n - a +0 hand axe
 z - a +1 antimagic whip
 L - a -1 shortbow
Missiles
 j - 52 arrows
 x - 63 poisoned needles
 A - 2 throwing nets (quivered)
Armour
 h - a +0 chain mail (worn)
 i - a +0 pair of gloves (worn)
 o - a +1 cloak (worn)
Magical Staves
 I - an uncursed staff of air {unknown}
Jewellery
 k - an uncursed ring of magical power
 q - a ring of poison resistance (right hand)
 u - a +1 ring of slaying (left hand)
 F - the ring of Basm {*Tele rElec rF+ rC+ Slay-3}
   (You found it on level 4 of the Dungeon)

   [ring of teleportation]

   It may teleport you next to monsters.
   It affects your accuracy and damage with ranged weapons and melee attacks
   (-3).
   It protects you from fire.
   It protects you from cold.
   It insulates you from electricity.
 H - an amulet of harm (around neck)
Scrolls
 d - 3 scrolls of identify
 f - 5 scrolls of teleportation
 m - a scroll of amnesia
 p - a scroll of random uselessness
 r - 3 scrolls of enchant armour
 y - a scroll of immolation
 B - a scroll of remove curse
 E - a scroll of enchant weapon {unknown}
Potions
 l - 4 potions of agility
 s - 6 potions of curing {unknown}
 v - a potion of haste {unknown}
 w - 2 potions of magic {unknown}
 C - a potion of lignification {unknown}
 G - a potion of berserk rage {unknown}
Books
 D - a book of Changes

   Spells                             Type                      Level
   a - Beastly Appendage              Transmutation                1
   b - Sticks to Snakes               Transmutation                2
   c - Spider Form                    Transmutation/Poison         3
   d - Ice Form                       Ice/Transmutation            4
   e - Blade Hands                    Transmutation                5
   Trog disapproves of the use of such an item.
 J - a book of Cantrips

   Spells                             Type                      Level
   a - Confusing Touch                Hexes                        1
   b - Animate Skeleton               Necromancy                   1
   c - Summon Small Mammal            Summoning                    1
   d - Apportation                    Translocation                1
   Trog disapproves of the use of such an item.
Comestibles
 c - 5 rations
 K - 4 chunks of flesh


   Skills:
 + Level 7.1 Fighting
 - Level 4.2 Axes
 + Level 5.6 Staves
 + Level 0.4 Bows
 + Level 6.6 Armour
 + Level 6.0 Dodging


You had 7 spell levels left.
You didn't know any spells.

Dungeon Overview and Level Annotations

Branches:
Dungeon (6/15)
 Temple: D:4-7

Altars:
Dithmenos
Nemelex Xobeh
Zin
The Shining One

Shops:
D:6 [}

Annotations:
D:4 teukkam's ghost, amateur GnWn


Innate Abilities, Weirdness & Mutations

You reflexively headbutt those who attack you in melee.
You have a pair of horns on your head.


Message History

The jackal closely misses you. You furiously retaliate!
You headbutt the jackal.
The jackal explodes!
The fiery explosion engulfs the bullfrog.
The bullfrog explodes!
The fiery explosion engulfs the jackal.
The jackal explodes!
The fiery explosion engulfs you! Trog accepts your kill.
The fiery explosion engulfs the leopard gecko.
You kill the leopard gecko!
Trog accepts your kill. The fiery explosion engulfs you!
* * * LOW HITPOINT WARNING * * *
The fiery explosion engulfs the shadow imp.
The shadow imp explodes!
Trog accepts your kill. x2
Your Dodging skill increases to level 6!
The fiery explosion engulfs you!
You die...

#####............,,,,,
#..%..%%..>......,,,,.
#.!.....(........,,,,.
#.........#.....,,,,,.
#..%......#****,,,#+##
#..%.§.§r.# *,,,....
#..§§§.§..# *,,,....
#..§§§§§..# *,,,....
##..§@§§..# ****....
####'##### *.... #.#
*#... #.#****** #.##
#s.,,,,,* *,,*
###****,* *,,* *,*
*,,,
***********,*******,*,
*,,,,,,,,**,,,,,,,,,,,


You could see a scorpion and a quokka.

Vanquished Creatures
  The ghost of Curus the Spear-Bearer, a novice MfGl (D:5)
  Menkaure (D:4)
  A centaur (D:6)
  A phantom (D:4)
  An ogre (D:4)
  2 bullfrogs (D:6)
  A scorpion (D:4)
  3 hounds
  A bullfrog zombie (D:5)
  Crazy Yiuf (D:2)
  A gnoll shaman (D:3)
  A bullfrog skeleton (D:5)
  2 iguanas (D:4)
  4 worker ants
  A hound zombie (D:5)
  2 hound skeletons
  7 gnolls
  2 adders
  3 shadow imps
  An ooze (D:2)
  3 worms
  2 leopard geckos
  4 orcs
  A ball python (D:4)
  3 giant cockroaches
  6 goblins
  7 hobgoblins
  8 jackals
  2 quokkas
  10 bats
  4 frilled lizards
  A jackal zombie (D:6)
  7 kobolds
  2 rats
97 creatures vanquished.

Notes
Turn   | Place    | Note
-------+----------+-------------------------------------------
     0 | D:1      | teukkam the Minotaur Berserker began the quest for the Orb.
     0 | D:1      | Reached XP level 1. HP: 19/19 MP: 0/0
   119 | D:1      | Reached XP level 2. HP: 24/27 MP: 1/1
   341 | D:1      | Reached ** piety under Trog
   341 | D:1      | Reached skill level 4 in Fighting
   533 | D:2      | Found a runed door.
   589 | D:2      | Noticed Crazy Yiuf
   594 | D:2      | Killed Crazy Yiuf
   594 | D:2      | Reached XP level 3. HP: 33/33 MP: 2/2
   687 | D:2      | Reached XP level 4. HP: 40/40 MP: 3/3
   804 | D:2      | Found a sparkling altar of Nemelex Xobeh.
  1185 | D:3      | Reached skill level 1 in Staves
  1195 | D:3      | Found a glowing golden altar of the Shining One.
  1436 | D:3      | Reached XP level 5. HP: 27/47 MP: 4/4
  1659 | D:3      | Reached *** piety under Trog
  1898 | D:4      | Noticed a phantom
  1911 | D:4      | Reached skill level 5 in Fighting
  1922 | D:4      | Killed a phantom
  1922 | D:4      | Reached XP level 6. HP: 56/56 MP: 5/5
  2056 | D:4      | Noticed teukkam's ghost (amateur GnWn)
  2062 | D:5      | Entered Level 5 of the Dungeon
  2190 | D:5      | Found a shadowy altar of Dithmenos.
  2296 | D:5      | Noticed Curus's ghost (novice MfGl)
  2307 | D:5      | Killed Curus's ghost
  2307 | D:5      | Reached skill level 6 in Fighting
  2307 | D:5      | Reached skill level 5 in Armour
  2307 | D:5      | Reached skill level 5 in Dodging
  2307 | D:5      | Reached XP level 7. HP: 62/63 MP: 6/6
  2437 | D:4      | Got a shimmering amber ring
  2438 | D:4      | Identified the ring of Basm {*Tele rElec rF+ rC+ Slay-3} (You found it on level 4 of the Dungeon)
  2458 | D:4      | Noticed Menkaure
  2463 | D:4      | Killed Menkaure
  2485 | D:4      | Found a sparkling altar of Nemelex Xobeh.
  2774 | D:4      | Found a glowing silver altar of Zin.
  2774 | D:4      | Found a glowing golden altar of the Shining One.
  2779 | D:4      | Reached XP level 8. HP: 71/71 MP: 7/7
  2997 | D:5      | Reached skill level 5 in Staves
  3451 | D:6      | Found Aregepn's Gadget Shop.
  3472 | D:6      | Found Dasesawk's Antique Armour Boutique.
  3486 | D:6      | Reached skill level 7 in Fighting
  3516 | D:6      | Killed from afar by a jackal

Skill      XL: |  1  2  3  4  5  6  7  8 |
---------------+-------------------------+-----
Axes           | 4 |  4.2
Fighting       | 4 5 6 7 |  7.1
Armour         | 3 4 5 6 |  6.6
Dodging        | 3 4 5 6 |  6.0
Staves         | 1 2 4 5 |  5.6
Bows           | |  0.4

Action                   |  1- 3 |  4- 6 |  7- 9 || total
-------------------------+-------+-------+-------++-------
Melee: Hand axe          |    44 |       |       ||    44
       Headbutt          |     6 |    23 |     4 ||    33
       Quarterstaff      |     6 |   106 |    42 ||   154
 Fire: Shortbow          |       |       |     3 ||     3
Invok: Berserk           |     1 |     3 |     3 ||     7
  Use: Scroll            |       |       |    11 ||    11
  Eat: Chunk             |       |     4 |       ||     4
       Ration            |       |     1 |     2 ||     3
Armor: Animal skin       |    11 |       |       ||    11
       Chain mail        |    13 |    85 |    35 ||   133
Dodge: Dodged            |    33 |    59 |    38 ||   130
